[Event "BL 2016-17"]
[Site "Germany"]
[Date "2017.04.08"]
[Round "11"]
[White "Jaracz, Pawel"]
[Black "Dinstuhl, Volkmar"]
[Result "1/2-1/2"]
[ECO "E10"]
[WhiteElo "2469"]
[BlackElo "2397"]
[Annotator "TA"]
[PlyCount "133"]
[EventDate "2017.??.??"]
[EventType "team-tourn"]
[EventCountry "GER"]
[SourceTitle "playchess.com"]
[Source "ChessBase"]
[SourceQuality "1"]
[WhiteTeam "SG Trier"]
[BlackTeam "Mülheim Nord"]
[TimeControl "40/6000+30:3000+30"]

1. d4 Nf6 2. c4 e6 3. Nf3 Nc6 4. a3 d6 5. g3 g6 6. Bg2 Bg7 7. O-O O-O 8. Nc3 a6 9. Bf4 h6 10. Qd3 Bd7 11. e4 Nxd4 12. Nxd4 e5 13. Be3 exd4 14. Bxd4 Bc6 15. b4 Re8 16. Rfe1 Qe7 17. Rac1 Bd7 18. c5 Bc6 19. cxd6 cxd6 20. a4 Rac8 21. Bh3 Rcd8 22. Qd2 b5 23. axb5 axb5 24. Qb2 Qf8 25. Nxb5 Bxb5 26. Bxf6 d5 27. Bxg7 Qxg7 28. Qxg7+ Kxg7 29. exd5 Rxe1+ 30. Rxe1 Rxd5 31. Bf1 Kf6 32. Bxb5 Rxb5 33. Re4 Kf5 34. Rf4+ Ke6 35. Rh4 Kd5 36. Kg2 Rb6 37. Kf3 g5 38. Rh5 f5 39. h4 Ke5 40. hxg5 hxg5 41. Rxg5 Rxb4 42. Rh5 Ra4 43. Kg2 Kf6 44. f4 Kg6 45. Rh1 Ra3 46. Rb1 Ra6 47. Kh3 Rc6 48. Kh4 Ra6 49. Rb8 Rc6 50. Rg8+ Kf7 51. Rg5 Kf6 52. Rg8 Kf7 53. Ra8 Kg6 54. Ra3 Rb6 55. Kh3 Rc6 56. Rb3 Ra6 57. Kg2 Rc6 58. Rb8 Kf6 59. Rf8+ Kg6 60. Kh3 Ra6 61. Rc8 Rb6 62. Kh4 Ra6 63. Rg8+ Kf7 64. Rg5 Kf6 65. Kh5 Ra3 66. Rg8 Kf7 {[%emt 0:00:00] Check Result:0.00} 67. Rg5 1/2-1/2

[Event "BL 2016-17"]
[Site "Germany"]
[Date "2017.04.08"]
[Round "11"]
[White "Walter, Stefan"]
[Black "Zysk, Robert"]
[Result "1/2-1/2"]
[ECO "A04"]
[WhiteElo "2416"]
[BlackElo "2398"]
[Annotator "NA"]
[PlyCount "70"]
[EventDate "2017.??.??"]
[EventType "team-tourn"]
[EventCountry "GER"]
[SourceTitle "playchess.com"]
[Source "ChessBase"]
[SourceQuality "1"]
[WhiteTeam "Griesheim"]
[BlackTeam "Zugzwang München"]
[TimeControl "40/6000+30:3000+30"]

1. Nf3 c5 2. g3 Nc6 3. Bg2 g6 4. O-O Bg7 5. c3 e5 6. e4 Nge7 7. d3 O-O {[%emt 0:02:57] LiveBook: 249 Games} 8. Na3 {[%emt 0:22:03] A04: Unusual lines after 1 Nf3 and King's Indian Attack} (8. a3 d6 9. b4 b6 10. b5 Na5 11. c4 h6 12. a4 Be6 13. Bd2 f5 14. Bxa5 bxa5 15. Nbd2 f4 16. Nb3 g5 17. Re1 Ng6 {0-1 (35) Kozul,Z (2613)-Dominguez Perez,L (2739) Doha 2016}) 8... b6 9. Nc4 d6 $146 (9... d5 10. exd5 Nxd5 11. Re1 Bg4 12. h3 b5 13. Ncxe5 Nxe5 14. hxg4 Nxg4 15. Nh4 Ngf6 16. c4 g5 17. Nf5 Qd7 18. Nxg7 Kxg7 19. cxd5 h6 20. Be3 Nxd5 21. Bxc5 Rfe8 22. Bxd5 f6 23. Qb3 {1-0 (23) Royer,O-Espinoza,F Brazil CXEB 1997}) 10. Bd2 h6 11. a4 Be6 12. Qe2 Qd7 13. b4 cxb4 14. cxb4 Bg4 15. Qe1 Rae8 (15... Bxf3 $11 16. Bxf3 Nd4) 16. b5 Nd8 17. a5 Nc8 18. Qb1 $14 Nb7 19. axb6 axb6 20. Ra8 Nc5 21. Rxc8 Qxc8 22. Nxd6 Qd7 23. Nxe8 Rxe8 24. Be3 Rd8 25. Bxc5 bxc5 26. b6 Rb8 27. Qb3 Be6 28. Qc3 Qd6 29. Rb1 Rxb6 30. Rxb6 Qxb6 31. Nd2 Qb4 32. Qc2 h5 33. Bf1 Bh6 34. Nc4 f6 35. Qa2 Bxc4 1/2-1/2

[Event "BL 2016-17"]
[Site "Germany"]
[Date "2017.04.08"]
[Round "11"]
[White "Beerdsen, Thomas"]
[Black "Kolbus, Dietmar"]
[Result "1-0"]
[ECO "C42"]
[WhiteElo "2415"]
[BlackElo "2308"]
[Annotator "ChessBase"]
[PlyCount "145"]
[EventDate "2017.??.??"]
[EventType "team-tourn"]
[EventCountry "GER"]
[SourceTitle "playchess.com"]
[Source "ChessBase"]
[SourceQuality "1"]
[WhiteTeam "Mülheim Nord"]
[BlackTeam "SG Trier"]
[TimeControl "40/6000+30:3000+30"]

1. e4 e5 2. Nf3 Nf6 3. Nc3 Bb4 4. Bd3 Bxc3 5. dxc3 d6 6. O-O O-O 7. Qe2 Nbd7 8. Be3 Re8 9. Nd2 Nf8 10. f4 exf4 11. Bxf4 Bg4 12. Qf2 N6d7 13. Nc4 Be6 14. e5 dxe5 15. Nxe5 Nxe5 16. Bxe5 Ng6 17. Bd4 Qg5 18. Rae1 Bd5 19. Re3 Rxe3 20. Bxe3 Qe7 21. c4 Be6 22. Bd4 a6 23. Bc3 Rd8 24. b3 Rd7 25. Re1 Qd8 26. Re3 c6 27. Rg3 Qh4 28. Bxg7 Qh5 29. Bc3 Qd1+ 30. Bf1 f5 31. Re3 Kf7 32. Re1 Qg4 33. Be2 Qg5 34. Rf1 Ke8 35. Bd3 f4 36. Re1 Kf7 37. Qe2 Re7 38. Bb4 Re8 39. Rf1 Bf5 40. Qd2 Bxd3 41. Qxd3 Rd8 42. Qf3 Kg7 43. Bc3+ Kf7 44. Kh1 Qf5 45. Qf2 Re8 46. Qd4 Re7 47. Rf2 Ke8 48. h3 Qe4 49. Qxe4 Rxe4 50. Kg1 Kf7 51. Rd2 Re3 52. Bd4 Re1+ 53. Kf2 Rc1 54. Kf3 h5 55. Re2 Rd1 56. Bc3 Rf1+ 57. Ke4 Ke6 58. Bd2 Kf6 59. a4 Ke6 60. a5 c5 61. Be1 Kf6 62. Bf2 Ra1 63. b4 Ra3 64. Bxc5 Ke6 65. Rd2 Rg3 66. Rd6+ Kf7 67. Rd7+ Kf6 68. Rxb7 Rxg2 69. b5 Rxc2 70. bxa6 Rxc4+ 71. Bd4+ Kg5 72. a7 Rc8 73. Rb8 1-0

[Event "BL 2016-17"]
[Site "Germany"]
[Date "2017.04.08"]
[Round "11"]
[White "Koop, Thorben"]
[Black "Hoffmann, Paul"]
[Result "1/2-1/2"]
[ECO "A05"]
[WhiteElo "2398"]
[BlackElo "2386"]
[Annotator "ChessBase"]
[PlyCount "99"]
[EventDate "2017.??.??"]
[EventType "team-tourn"]
[EventCountry "GER"]
[SourceTitle "playchess.com"]
[Source "ChessBase"]
[SourceQuality "1"]
[WhiteTeam "Werder Bremen"]
[BlackTeam "TU Dresden"]
[TimeControl "40/6000+30:3000+30"]

1. Nf3 Nf6 2. g3 d5 3. Bg2 e6 4. O-O Be7 5. d4 O-O 6. c4 c6 7. Nc3 b6 8. b3 Ba6 9. Bb2 b5 10. Ne5 b4 11. Na4 Nfd7 12. cxd5 cxd5 13. Qd2 Nxe5 14. dxe5 Bb5 15. Rac1 Na6 16. Rfd1 Qa5 17. e4 d4 18. Bxd4 Bxa4 19. bxa4 Qxa4 20. Rc4 Rfd8 21. Rdc1 h6 22. Qb2 Qa3 23. Qb1 Bg5 24. Rd1 Rd7 25. h4 Be7 26. Rdc1 Rad8 27. Be3 Qa5 28. Qb2 Nc7 29. Bf1 Nb5 30. Bc5 Bxc5 31. Rxc5 a6 32. Bxb5 axb5 33. Rc8 Kh7 34. Rxd8 Rxd8 35. Rb1 Qa3 36. Qxb4 Qxa2 37. Qxb5 Rd2 38. Rf1 Qa7 39. Qb4 Ra2 40. Qc4 Rb2 41. Qc3 Ra2 42. Qf3 Ra5 43. Qf4 Qc7 44. Re1 Qc3 45. Kf1 Rxe5 46. Qxf7 Qd3+ 47. Kg1 Rxe4 48. Rc1 Rc4 49. Ra1 Qf5 50. Qxf5+ 1/2-1/2

[Event "BL 2016-17"]
[Site "Jenbach"]
[Date "2017.04.22"]
[Round "11"]
[White "Lehner, Oliver"]
[Black "Tober, Gerhard"]
[Result "1-0"]
[ECO "E06"]
[WhiteElo "2386"]
[BlackElo "2260"]
[Annotator "NA"]
[PlyCount "89"]
[EventDate "2017.??.??"]
[EventCountry "AUT"]
[SourceTitle "playchess.com"]
[Source "ChessBase"]
[SourceQuality "1"]
[WhiteTeam "Jenbach"]
[BlackTeam "St. Valentin"]
[TimeControl "40/5400+30:1800+30"]

1. d4 d5 2. c4 e6 3. Nf3 Nf6 4. g3 Be7 5. Bg2 O-O 6. O-O dxc4 7. Qc2 a6 8. a4 Nbd7 9. Nbd2 c3 {[%emt 0:15:30] LiveBook: 3 Games E05: Open Catalan: 5 Nf3 Be7} 10. bxc3 Rb8 $146 (10... c5 11. Nc4 a5 12. Rd1 cxd4 13. Nxd4 Bc5 14. Rb1 Qc7 15. Qb3 Ra6 16. Nb5 Qb8 17. Ba3 {1-0 (49) Gonzalez Zamora,J (2502)-Gil Alba,H (2361) Villahermosa 2016}) 11. Nc4 b5 (11... b6 $16) 12. Na5 Rb6 13. Ne5 Nxe5 14. dxe5 Nd7 15. Nc6 Rxc6 16. Bxc6 Nxe5 17. Bg2 ({Better is} 17. axb5 $18 {Black must now prevent Rd1.} Bd6 18. Rd1) 17... Bd7 18. axb5 Bxb5 19. Rd1 Bd6 20. Ba3 Qe7 21. Bxd6 cxd6 22. Qd2 d5 23. e4 dxe4 24. Bxe4 Qf6 25. f4 Nc4 26. Qd4 e5 {[%emt 0:00:27] [#]} 27. fxe5 $1 ({Don't play} 27. Qc5 $6 exf4 28. gxf4 (28. Bxh7+ $2 Kxh7 29. Qd4 fxg3 30. Qxf6 gxh2+ 31. Kxh2 gxf6 $19) 28... Qxf4 $11) 27... Nxe5 28. Qf2 Qh6 29. Rd5 Ng4 30. Qd2 Qb6+ 31. Qd4 Qh6 {[%emt 0:00:38] [#]} 32. h4 $1 ({Not} 32. Bxh7+ Kxh7 33. Qxg4 Qe3+ 34. Kg2 Bc6 $15) 32... Qe3+ 33. Qxe3 Nxe3 34. Rc5 f5 35. Bc6 Bd3 36. Re1 Ng4 37. Re8 Rxe8 38. Bxe8 Kf8 39. Bd7 g6 40. Be6 Ne3 41. Rc7 $18 h5 42. Kf2 Ng4+ 43. Kf3 Ke8 44. Kf4 Bb5 45. c4 1-0

[Event "BL 2016-17"]
[Site "Jenbach"]
[Date "2017.04.22"]
[Round "11"]
[White "Dobosz, Henryk"]
[Black "Hebesberger, Thomas"]
[Result "1-0"]
[ECO "B48"]
[WhiteElo "2385"]
[BlackElo "2299"]
[Annotator "NA"]
[PlyCount "119"]
[EventDate "2017.??.??"]
[EventCountry "AUT"]
[SourceTitle "playchess.com"]
[Source "ChessBase"]
[SourceQuality "1"]
[WhiteTeam "Bregenz"]
[BlackTeam "St. Veit"]
[TimeControl "40/5400+30:1800+30"]

1. e4 c5 2. Nf3 e6 3. d4 cxd4 4. Nxd4 Nc6 5. Nc3 Qc7 6. Be3 Nf6 7. a3 a6 8. f4 d6 {[%emt 0:03:06] B48: Sicilian: Taimanov: 5 Nc3 Qc7 6 Be3 a6 without Be2} 9. Bd3 (9. Qf3 Na5 10. O-O-O b5 11. g4 Nd7 12. g5 Nc4 13. Bxc4 Qxc4 14. f5 Ne5 15. Qh3 g6 16. Rhf1 Be7 17. Bf4 {1-0 (57) Vavulin,M (2582)-Grachev,B (2628) Moscow 2016}) 9... Be7 {[%emt 0:06:30] LiveBook: 7 Games} 10. O-O Nxd4 11. Bxd4 e5 12. Be3 exf4 13. Rxf4 Be6 14. Qf3 O-O $146 (14... Nd7 15. Rf1 Bg5 {½-½ (56) Novita,A (2356)-Jeitz,C (2235) Khanty-Mansiysk 2010}) 15. Nd5 Bxd5 16. exd5 Rae8 17. Rf1 Nd7 $2 (17... g6 $16) 18. Rxf7 Bf6 19. Rxf8+ Nxf8 20. c3 Qe7 21. Bf4 Nd7 22. Qh3 g6 23. Qe6+ Qxe6 24. dxe6 Ne5 25. Bxe5 Bxe5 26. Rf7 Rxe6 27. Rxb7 d5 28. Rd7 Bd6 29. Kf1 a5 (29... Bxh2 $16 30. Rxd5 Bg3) 30. c4 Rf6+ 31. Ke2 dxc4 32. Bxc4+ Kh8 33. Rd8+ Kg7 34. Ra8 Rf5 35. h3 Bg3 36. Kd3 h5 37. Ra7+ Kf6 38. Ra6+ Kg5 39. Be6 Rb5 40. b3 Be5 (40... Bf2 $16) 41. Kc4 Rb7 42. Rxa5 Kf6 43. Ra6 Rc7+ 44. Kd5 Bg3 45. Bg4+ Kg5 46. Bf3 Rc3 47. b4 h4 48. Be4 Kf4 49. Rf6+ Ke3 50. Rf3+ ({Don't take} 50. Bxg6 Rc7 51. a4 Ke2 $18) 50... Kd2 51. Rxc3 Kxc3 52. Bxg6 Kb3 53. b5 Ka4 54. Kc6 Ka5 55. b6 Bf4 56. Bd3 Be5 57. b7 Bg3 58. Kd7 Kb6 59. Kc8 Ka7 60. Be4 1-0

[Event "BL 2016-17"]
[Site "Jenbach"]
[Date "2017.04.22"]
[Round "11"]
[White "Pinter, Erik"]
[Black "Beckhuis, Gernod"]
[Result "1-0"]
[ECO "C67"]
[WhiteElo "2384"]
[BlackElo "2261"]
[Annotator "NA"]
[PlyCount "87"]
[EventDate "2017.??.??"]
[EventCountry "AUT"]
[SourceTitle "playchess.com"]
[Source "ChessBase"]
[SourceQuality "1"]
[WhiteTeam "Nickelsdorf"]
[BlackTeam "Wien-SK Ottakring"]
[TimeControl "40/5400+30:1800+30"]

1. e4 e5 2. Nf3 Nc6 3. Bb5 Nf6 4. O-O Nxe4 5. Re1 Nd6 6. Nxe5 Be7 7. Bf1 Nxe5 8. Rxe5 O-O 9. d4 Bf6 10. Re1 Re8 {[%emt 0:00:06] C67: Ruy Lopez: Berlin Defence: 4 0-0 Nxe4} 11. Rxe8+ {LiveBook: 42 Games} (11. Bf4 Rxe1 12. Qxe1 Ne8 13. c3 d5 14. Nd2 g6 15. Nf3 Ng7 16. Qe3 c6 17. Re1 Be6 18. Ne5 Qa5 19. a3 Re8 20. Nd3 Qd8 21. Qd2 Bf5 22. Rxe8+ Qxe8 23. Qe3 Qxe3 {½-½ (23) Vachier Lagrave,M (2796)-Grischuk,A (2742) Sharjah 2017}) 11... Nxe8 12. c3 d5 13. Bd3 g6 14. Bf4 Ng7 15. Qb3 $146 (15. Na3 Ne6 16. Bg3 h5 17. h3 c5 18. dxc5 Nxc5 {½-½ (31) Halvax,G (2313)-Schreiner,P (2460) Feistritz an der Drau 2014}) 15... c6 16. Nd2 Qb6 17. Qc2 Bf5 18. Bxf5 Nxf5 19. Re1 Ng7 20. Nf3 Re8 21. Be5 Bxe5 22. dxe5 Ne6 23. h4 c5 24. Qd2 d4 25. c4 Rd8 26. Re2 Qa6 27. b3 b5 28. cxb5 Qxb5 29. Ng5 d3 30. Nxe6 fxe6 31. Re1 a5 32. h5 a4 33. hxg6 hxg6 34. Qg5 Qe8 35. Rd1 Rd5 36. Qg3 axb3 37. axb3 d2 38. Qg5 Qd7 39. Qxg6+ Kf8 40. Qh6+ Kg8 (40... Ke7 $16) 41. Qg5+ Kf8 42. f3 Rd4 43. Kf2 Qd5 (43... Qg7 $16 44. Qxg7+ Kxg7) 44. Rh1 1-0

[Event "BL 2016-17"]
[Site "Jenbach"]
[Date "2017.04.22"]
[Round "11"]
[White "Mesaros, Florian"]
[Black "Anistratov, Dmitriy"]
[Result "1-0"]
[ECO "A05"]
[WhiteElo "2382"]
[BlackElo "2292"]
[Annotator "ChessBase"]
[PlyCount "93"]
[EventDate "2017.??.??"]
[EventCountry "AUT"]
[SourceTitle "playchess.com"]
[Source "ChessBase"]
[SourceQuality "1"]
[WhiteTeam "Wulkaprodersdorf"]
[BlackTeam "Götzis"]
[TimeControl "40/5400+30:1800+30"]

1. Nf3 Nf6 2. c4 d6 3. d4 Nbd7 4. Nc3 c6 5. e4 e5 6. Be2 Be7 7. O-O a6 8. Nh4 O-O 9. Nf5 Re8 10. Nxe7+ Qxe7 11. d5 c5 12. Be3 Nf8 13. Rb1 Qc7 14. Bg5 Qd8 15. h3 h6 16. Be3 Ng6 17. Qd2 Nh7 18. Bg4 Bxg4 19. hxg4 Qf6 20. b4 cxb4 21. Rxb4 Rac8 22. Rfb1 Nf4 23. f3 Ng5 24. Bxf4 exf4 25. Ne2 a5 26. Rxb7 Rxc4 27. Qxf4 Qxf4 28. Nxf4 Ra4 29. R1b2 Rd8 30. Rc7 g6 31. Kf2 Ra3 32. Ne2 Kg7 33. Nc3 h5 34. gxh5 gxh5 35. Rc4 h4 36. Nb5 Rb8 37. Rcc2 h3 38. Kg1 Rd3 39. Nxd6 Rd1+ 40. Kh2 Rh8 41. f4 hxg2+ 42. Kxg2 Nh3 43. Kg3 Ng1 44. Nf5+ Kg6 45. Rg2 Rh1 46. Kf2+ Kh7 47. Rg7+ 1-0

[Event "BL 2016-17"]
[Site "Germany"]
[Date "2017.04.08"]
[Round "11"]
[White "Moehn, Hans"]
[Black "Smerdon, David C"]
[Result "1-0"]
[ECO "A06"]
[WhiteElo "2382"]
[BlackElo "2533"]
[Annotator "TA RC"]
[PlyCount "47"]
[EventDate "2017.??.??"]
[EventType "team-tourn"]
[EventCountry "GER"]
[SourceTitle "playchess.com"]
[Source "ChessBase"]
[SourceQuality "1"]
[WhiteTeam "TU Dresden"]
[BlackTeam "Werder Bremen"]
[TimeControl "40/6000+30:3000+30"]

1. Nf3 $146 (1. e4 c5 2. Nc3 Nc6 3. Nf3 e6 4. d4 cxd4 5. Nxd4 a6 6. g3 Qc7 7. Bg2 Nf6 8. O-O Bc5 9. Nb3 Be7 10. a4 O-O 11. f4 d6 12. a5 Nd7 13. Be3 b5 14. axb6 Nxb6 15. Qe2 Rb8 16. g4 Nb4 {½-½ (53) Milosevic,G (2381)-Istratescu,A (2625) Switzerland 2008}) 1... d5 2. g3 g6 3. Bg2 Bg7 4. d4 Nf6 5. O-O O-O 6. c4 dxc4 7. Na3 c5 8. dxc5 c3 9. Qxd8 Rxd8 10. Nb5 cxb2 11. Bxb2 Nc6 12. Nfd4 Nxd4 13. Nxd4 Nd5 14. e3 Nb4 15. Bc3 Bxd4 16. Bxd4 Nc6 17. Rab1 Be6 18. Rxb7 Nxd4 19. exd4 Rxd4 20. c6 Rc8 21. Rc1 Kg7 22. c7 a5 23. Bf1 Kf6 24. Ra7 1-0

[Event "BL 2016-17"]
[Site "Jenbach"]
[Date "2017.04.22"]
[Round "11"]
[White "Kvetny, Mark"]
[Black "Wallner, Joachim"]
[Result "1/2-1/2"]
[ECO "A16"]
[WhiteElo "2372"]
[BlackElo "2322"]
[Annotator "NA"]
[PlyCount "60"]
[EventDate "2017.??.??"]
[EventCountry "AUT"]
[SourceTitle "playchess.com"]
[Source "ChessBase"]
[SourceQuality "1"]
[WhiteTeam "Götzis"]
[BlackTeam "Wulkaprodersdorf"]
[TimeControl "40/5400+30:1800+30"]

1. c4 Nf6 2. Nc3 e5 3. e3 Bb4 4. Nge2 O-O 5. a3 Be7 6. g3 {[%emt 0:12:44] A22: English Opening: 1...e5 2 Nc3 Nf6} (6. d4 exd4 7. Qxd4 c6 8. Nf4 Na6 9. Be2 Nc5 10. Rb1 d5 11. b4 Ne6 12. Nxe6 Bxe6 13. cxd5 Nxd5 14. Nxd5 Bxd5 15. f3 Bh4+ 16. g3 Bf6 17. Qd2 Re8 18. Bb2 Bxb2 {½-½ (18) Grachev,B (2683)-Nyzhnyk,I (2607) Denizli 2013}) 6... d5 7. cxd5 Nxd5 {[%emt 0:00:07] LiveBook: 6 Games} 8. Bg2 Be6 9. O-O c5 $146 (9... c6 10. Qc2 Nd7 11. d4 Nxc3 12. bxc3 Bc4 13. Rd1 Qa5 {0-1 (32) Pustovoitova,D (2315)-Baciu,D (2166) Albena 2011}) 10. d4 exd4 11. exd4 cxd4 12. Nb5 d3 13. Qxd3 Nc6 14. Ned4 Nb6 15. Rd1 Nxd4 16. Nxd4 Bg4 $1 17. Bf3 Bxf3 18. Qxf3 Qd7 {[%emt 0:05:50] [#]} (18... Qe8 $16 {might work better.}) 19. Bh6 $2 (19. Nf5 $1 $18 Qe6 20. Be3 (20. Qxb7 Bf6 21. Nd4 Qg4 $14) (20. Nxe7+ Qxe7 21. Be3 Rfe8 $14)) 19... Bf6 20. Nf5 Qa4 21. b4 gxh6 22. Rd6 Bxa1 23. Qg4+ Kh8 24. Rxh6 Rfd8 $11 ({And not} 24... Qxa3 {[#]} 25. Rxh7+ $1 Kxh7 26. Qh5+ Kg8 27. Qg5+ Kh7 28. Qh6+ Kg8 29. Ne7#) 25. Rxh7+ Kxh7 26. Qh5+ Kg8 27. Qg5+ Kf8 28. Qe7+ Kg8 29. Qg5+ Kf8 30. Qe7+ Kg8 1/2-1/2

[Event "BL 2016-17"]
[Site "Germany"]
[Date "2017.04.08"]
[Round "11"]
[White "Gerigk, Erasmus"]
[Black "Baskin, Robert"]
[Result "1-0"]
[ECO "C07"]
[WhiteElo "2354"]
[BlackElo "2348"]
[Annotator "NA"]
[PlyCount "95"]
[EventDate "2017.??.??"]
[EventType "team-tourn"]
[EventCountry "GER"]
[SourceTitle "playchess.com"]
[Source "ChessBase"]
[SourceQuality "1"]
[WhiteTeam "Zugzwang München"]
[BlackTeam "Griesheim"]
[TimeControl "40/6000+30:3000+30"]

1. e4 e6 2. d4 d5 3. Nd2 c5 4. Ngf3 cxd4 5. Nxd4 Nc6 6. Bb5 Bd7 7. Nxc6 bxc6 8. Bd3 Bd6 9. Qe2 Ne7 10. e5 Bc7 11. O-O Ng6 12. Nf3 O-O 13. b3 f6 14. Bxg6 hxg6 15. Ba3 Re8 $16 16. h4 Bxe5 17. Nxe5 fxe5 18. Qxe5 Qxh4 19. Rfe1 Qf6 20. f4 Qxe5 21. fxe5 a5 22. Bc5 a4 23. b4 a3 24. Re3 Bc8 25. Kh2 Rd8 26. Rf3 Ra4 27. Kg3 Ba6 28. Kh4 d4 29. Kg5 Bc4 30. Rf4 Be2 31. Re1 d3 32. cxd3 Bxd3 33. Rd1 Raa8 34. Bd6 Bc2 35. Rc1 Bd3 36. Rd1 Bc2 37. Rd2 Bb1 38. Rf1 Be4 39. Re1 Bd5 40. Kxg6 Rd7 41. Rf2 Bc4 42. Re3 Bd5 43. Ree2 Rad8 44. g4 Ra8 45. Rf4 Rad8 46. Rh2 Rxd6 47. exd6 Rxd6 48. Rh8+ 1-0

[Event "BL 2016-17"]
[Site "Germany"]
[Date "2017.04.08"]
[Round "11"]
[White "Capone, Nicola"]
[Black "Schroeder, Kevin"]
[Result "1/2-1/2"]
[ECO "E11"]
[WhiteElo "2349"]
[BlackElo "2266"]
[Annotator "NA"]
[PlyCount "97"]
[EventDate "2017.??.??"]
[EventType "team-tourn"]
[EventCountry "GER"]
[SourceTitle "playchess.com"]
[Source "ChessBase"]
[SourceQuality "1"]
[WhiteTeam "Aufwärts Aachen"]
[BlackTeam "Solingen"]
[TimeControl "40/6000+30:3000+30"]

1. d4 Nf6 2. c4 e6 3. Nf3 Bb4+ 4. Nbd2 b6 5. a3 Bxd2+ 6. Qxd2 Bb7 7. b3 O-O 8. e3 d6 9. Be2 Nbd7 10. Bb2 Qe7 11. O-O {LiveBook: 16 Games} e5 12. d5 b5 13. cxb5 Bxd5 14. b4 Nb6 $14 15. a4 Ne4 16. Qc2 Rac8 17. a5 Nd7 18. Nd2 Nxd2 19. Qxd2 Ba8 20. Rfd1 Qg5 21. f3 f5 22. Bc4+ Kh8 23. Be6 Rcd8 24. Kh1 Qe7 25. Bd5 Nf6 26. Bxa8 Rxa8 27. Rac1 Rab8 28. Qe2 Qf7 29. Rc6 Nd5 30. Ba3 f4 31. e4 Ne3 32. Rdc1 Qb3 33. Qb2 Qd3 34. R6c3 Qxb5 35. Rxc7 Qd3 36. R7c3 Qb5 37. Qd2 h6 38. Qd3 Qa4 39. Rc7 Rfd8 40. Qc3 Nd1 41. Qd2 Qxa3 42. Qxd1 Rxb4 43. Qd5 Qb3 44. Qxb3 Rxb3 45. h3 d5 46. Rc8 Rxc8 47. Rxc8+ Kh7 48. exd5 Rd3 49. Rc7 1/2-1/2

[Event "BL 2016-17"]
[Site "Germany"]
[Date "2017.04.08"]
[Round "11"]
[White "Mager, Denis"]
[Black "Thiede, Lars"]
[Result "0-1"]
[ECO "C66"]
[WhiteElo "2320"]
[BlackElo "2422"]
[Annotator "ChessBase"]
[PlyCount "98"]
[EventDate "2017.??.??"]
[EventType "team-tourn"]
[EventCountry "GER"]
[SourceTitle "playchess.com"]
[Source "ChessBase"]
[SourceQuality "1"]
[WhiteTeam "Speyer-Schwegenheim"]
[BlackTeam "SF Berlin"]
[TimeControl "40/6000+30:3000+30"]

1. e4 d6 2. d4 Nf6 3. Nc3 e5 4. Nf3 Nc6 5. Bb5 Bd7 6. O-O Be7 7. d5 Nb8 8. a4 O-O 9. Ne1 c6 10. Bc4 cxd5 11. Bxd5 Nc6 12. Nf3 Bg4 13. Be3 Kh8 14. h3 Bh5 15. Ba2 Nb4 16. Bb3 Bg6 17. Qe1 a5 18. Rd1 Qe8 19. Nb5 Qc6 20. c3 Na6 21. Nh4 Bxe4 22. f3 Bg6 23. Nxg6+ fxg6 24. Qd2 Nc5 25. Bc2 d5 26. Bg5 Rad8 27. Rfe1 e4 28. Nd4 Qb6 29. b3 Ne6 30. Be3 exf3 31. Nxf3 Bc5 32. Nd4 Nxd4 33. Bxd4 Rc8 34. Re3 Rfe8 35. Rxe8+ Rxe8 36. Qf2 Bxd4 37. Rxd4 Qc5 38. Qd2 Rc8 39. c4 dxc4 40. Kh1 c3 41. Qd3 Qe7 42. Qb5 Qe3 43. Rd1 b6 44. b4 Qf2 45. Qd3 axb4 46. Bb3 Re8 47. Qc4 h5 48. Qxb4 c2 49. Rc1 Re2 0-1

[Event "BL 2016-17"]
[Site "Jenbach"]
[Date "2017.04.22"]
[Round "11"]
[White "Ceschia, Ivano"]
[Black "Repkova, Eva"]
[Result "1-0"]
[ECO "B01"]
[WhiteElo "2301"]
[BlackElo "2328"]
[Annotator "NA"]
[PlyCount "59"]
[EventDate "2017.??.??"]
[EventCountry "AUT"]
[SourceTitle "playchess.com"]
[Source "ChessBase"]
[SourceQuality "1"]
[WhiteTeam "St. Veit"]
[BlackTeam "Bregenz"]
[TimeControl "40/5400+30:1800+30"]

1. e4 d5 2. exd5 Qxd5 3. Nc3 Qd6 4. d4 Nf6 5. Nf3 Bg4 6. h3 Bh5 {[%emt 0:00:01] B01: Scandinavian Defence} 7. Be2 (7. g4 Bg6 8. Ne5 Nbd7 9. Nxg6 hxg6 10. Bg2 c6 11. Qd3 e6 12. Bd2 Nb6 13. O-O-O Nbd5 14. Ne2 {1-0 (39) Bologan,V (2640)-Kovalenko,I (2684) Tallinn 2016}) 7... a6 {[%emt 0:02:45] LiveBook: 7 Games} 8. Bg5 Nbd7 9. Qd2 e6 10. O-O-O Be7 11. Rhe1 $146 (11. d5 exd5 12. Bf4 Qc5 13. Be3 Qd6 14. Nh4 {½-½ (38) Marez,S (2295)-Mailfert,J (2342) ICCF email 2010}) 11... O-O 12. Ne5 Bxe2 13. Qxe2 Rad8 14. f4 h6 15. Bh4 Nd5 16. Ne4 Qb6 17. Bxe7 Nxe7 18. c3 Nd5 19. Nxd7 Rxd7 20. Qf3 Qb5 21. g4 b6 ({Black should try} 21... f5 $14 22. Nc5 fxg4 23. Qxg4 Rd6) 22. g5 hxg5 23. fxg5 ({But not} 23. Nxg5 $6 c5 $11) 23... Ne7 24. h4 Qf5 25. Qd3 ({Better is} 25. Qe2 $16) 25... c5 26. Rf1 Qg6 $2 (26... Qg4 $11 {and Black is okay.}) 27. h5 Qxh5 28. Rh1 c4 29. Qg3 Nf5 $18 30. Rxh5 1-0

[Event "BL 2016-17"]
[Site "Germany"]
[Date "2017.04.08"]
[Round "11"]
[White "Eichler, Christoph"]
[Black "Grabarczyk, Bogdan"]
[Result "1/2-1/2"]
[ECO "D02"]
[WhiteElo "2290"]
[BlackElo "2397"]
[Annotator "ChessBase"]
[PlyCount "128"]
[EventDate "2017.??.??"]
[EventType "team-tourn"]
[EventCountry "GER"]
[SourceTitle "playchess.com"]
[Source "ChessBase"]
[SourceQuality "1"]
[WhiteTeam "Zugzwang München"]
[BlackTeam "Griesheim"]
[TimeControl "40/6000+30:3000+30"]

1. Nf3 d5 2. d4 Nf6 3. c4 e6 4. g3 Bb4+ 5. Nbd2 O-O 6. Bg2 dxc4 7. O-O b5 8. a4 c6 9. Qc2 Bb7 10. Rd1 a6 11. b3 cxb3 12. Nxb3 Nbd7 13. Bd2 Qe7 14. Bxb4 Qxb4 15. Ne1 bxa4 16. Nc5 Nxc5 17. dxc5 Qa5 18. Rxa4 Qc7 19. Nd3 Rfd8 20. Rb1 a5 21. Qb2 Ba6 22. Qb6 Qxb6 23. Rxb6 Bb5 24. Ra3 Nd7 25. Rb7 Bxd3 26. exd3 Nxc5 27. Rc7 Rxd3 28. Rxa5 Rd1+ 29. Bf1 Rb8 30. Rxc5 g6 31. Kg2 Rbb1 32. Bc4 Rd2 33. Bxe6 fxe6 34. Ra5 Rbd1 35. Raa7 h5 36. Rg7+ Kf8 37. Rh7 Kg8 38. Rhg7+ Kf8 39. Rxg6 Rd7 40. Rxd7 Rxd7 41. Rxe6 Rc7 42. Rh6 c5 43. Rxh5 c4 44. Re5 Kf7 45. Re2 c3 46. Rc2 Ke6 47. f4 Kd5 48. Kf3 Kd4 49. g4 Kd3 50. Rc1 c2 51. g5 Rc3 52. Kg4 Kd2 53. Rxc2+ Rxc2 54. g6 Ke3 55. Kg5 Ke4 56. h4 Rc5+ 57. f5 Rxf5+ 58. Kh6 Rf4 59. h5 Kf5 60. g7 Rg4 61. Kh7 Kf6 62. g8=Q Rxg8 63. Kxg8 Kg5 64. h6 Kxh6 1/2-1/2

[Event "BL 2016-17"]
[Site "Germany"]
[Date "2017.04.08"]
[Round "11"]
[White "Grimm, Julius"]
[Black "Hoffmeyer, Falk"]
[Result "1/2-1/2"]
[ECO "D20"]
[WhiteElo "2281"]
[BlackElo "2353"]
[Annotator "NA"]
[PlyCount "42"]
[EventDate "2017.??.??"]
[EventType "team-tourn"]
[EventCountry "GER"]
[SourceTitle "playchess.com"]
[Source "ChessBase"]
[SourceQuality "1"]
[WhiteTeam "Griesheim"]
[BlackTeam "Zugzwang München"]
[TimeControl "40/6000+30:3000+30"]

1. d4 d5 2. c4 dxc4 3. e3 e5 4. Bxc4 exd4 5. exd4 Bd6 6. Nf3 Nf6 7. O-O O-O 8. Nc3 Nc6 9. h3 h6 10. Qc2 Nb4 11. Qb1 Be6 12. Bxe6 fxe6 13. Re1 {[%emt 0:15:57] LiveBook: 15 Games} Qd7 14. a3 Nbd5 15. Qd3 a6 $14 16. Bd2 Rae8 17. Ne5 Bxe5 18. Rxe5 Qf7 19. Qe2 Nd7 20. Re4 N7f6 21. Re5 Nd7 1/2-1/2